 Dungeon Crawl Stone Soup version 0.31.0-12-g77e489cdc1 (webtiles) character file.

Game seed: 4971277186538880557

10823 monsoonserge the Gouger (level 11, -18/50 HPs)
             Began as a Felid Shapeshifter on Mar 5, 2024.
             Was a Believer of Wu Jian.
             Killed from afar by a hell hog (40 damage)
             ... with a fireball
             ... on level 1 of the Abyss.
             The game lasted 00:44:27 (9502 turns).

monsoonserge the Gouger (Felid Shapeshifter)        Turns: 9502, Time: 00:44:28

Health: -18/50     AC:  6    Str: 14    XL:     11   Next: 41%
Magic:  8/8        EV: 28    Int: 11    God:    Wu Jian [**....]
Gold:   449        SH:  5    Dex: 11    Spells: 10/10 levels left
                                        Lives:  0   Deaths: 4

rFire   . .          .
                       - Unarmed
rCold   . . .        (shield unavailable)
rNeg    . . .        (body armour unavailable)
rPois   .            (helmet unavailable)
rElec   .            (cloak unavailable)
rCorr   .            (gloves unavailable)
SInv    +            (boots unavailable)
Will    +....        g - amulet of reflection
Stlth   ++           n - +5 ring of evasion
HPRegen 0.00/turn    w - +4 ring of protection
MPRegen 0.11/turn

%: random rage (9%), reflection
@: flux-form, inhibited regen, glowing
A: glow, contaminating, very small, claws 1, fangs 3, see invisible, shaggy fur
2, stealthy paws, no weapons or thrown items, no armour, multi-lived, [berserk
2], [clumsy 2], [dopey 2], [low MP 3], [screaming 2], [inhibited regeneration],
([teleportitis 2]), [inability to drink after injury 2], [inability to read
after injury 2], [persistent drain]
a: Begin Untransformation, Renounce Religion, Wall Jump


You were on level 1 of the Abyss.
You worshipped Wu Jian.
Wu Jian was pleased with you.
You were something dangerously unstable.
You visited 2 branches of the dungeon, and saw 11 of its levels.
You visited the Abyss 1 time.

You collected 449 gold pieces.

Inventory:

Jewellery
 d - a ring of wizardry
 g - an amulet of reflection (around neck)
 n - a +5 ring of evasion (left paw)
 s - a ring of protection from fire
 w - a +4 ring of protection (right paw)
 A - a ring of flight
Talismans
 c - a flux talisman (active)
 m - a serpent talisman
Wands
 r - a wand of flame (3) (quivered)
Scrolls
 b - a scroll of fog
 e - a scroll of amnesia
 q - a scroll of noise
 t - a scroll of revelation
 x - 2 scrolls of butterflies
Potions
 a - 2 potions of lignification
 f - 2 potions of brilliance
 j - a potion of heal wounds
 l - 5 potions of attraction
 p - 7 potions of curing
 v - 4 potions of mutation
 z - a potion of invisibility {unknown}
Miscellaneous
 o - a phial of floods


   Skills:
 + Level 2.0 Fighting
 - Level 7.0 Dodging
 * Level 8.2 Stealth
 - Level 12.0 Unarmed Combat
 - Level 1.0 Evocations
 - Level 10.2 Shapeshifting


You had 10 spell levels left.
You didn't know any spells.
Your spell library contained the following spells:

 Spells                   Type           Power      Damage    Failure   Level
 Freeze                   Ice            0%         1d3       34%         1
 Shock                    Conj/Air       0%         1d3       34%         1
 Scorch                   Fire           0%         2d5       47%         2
 Dazzling Flash           Conj/Hex       0%         N/A       71%         3
 Frozen Ramparts          Ice            0%         1d1       71%         3
 Hailstorm                Conj/Ice       0%         3d5       71%         3
 Mephitic Cloud           Conj/Alch/Air  0%         N/A       71%         3
 Ozocubu's Armour         Ice            0%         N/A       71%         3
 Swiftness                Air            0%         N/A       71%         3
 Airstrike                Air            0%         2d(0-16)  98%         4
 Flame Wave               Conj/Fire      0%         2d4       98%         4
 Vhi's Electric Charge    Tloc/Air       0%         N/A       98%         4
 Arcjolt                  Conj/Air       0%         1d10      100%        5
 Curse of Agony           Necr           0%         N/A       100%        5
 Metabolic Englaciation   Hex/Ice        0%         N/A       100%        5
 Silence                  Hex/Air        0%         N/A       100%        5
 Plasma Beam              Fire/Air       0%         2x1d10    100%        6
 Sculpt Simulacrum        Ice/Alch       0%         N/A       100%        6
 Summon Cactus Giant      Summ           0%         N/A       100%        6


Dungeon Overview and Level Annotations

Branches:
Dungeon (10/15)            Temple (1/1) D:7            Lair (0/5) D:9
    Orc (0/2) D:9

Altars:
Ashenzari
Cheibriados
Dithmenos
Elyvilon
Fedhas
Gozag
Hepliaklqana
Kikubaaqudgha
Makhleb
Nemelex Xobeh
Okawaru
Qazlal
Ru
Sif Muna
Trog
Uskayaw
Vehumet
Wu Jian
Xom
Yredelemnul
Zin
The Shining One

Shops:
D:9 [

Annotations:
D:9 1 runed translucent door, Cheops's ghost, novice OpSh
D:10 1 runed translucent door, Curundu's ghost, journeyman MiBe; Sonja
Abyss:1 1 runed translucent door


Innate Abilities, Weirdness & Mutations

You are something dangerously unstable.
You glow with magical radiation, making you easy to see and hit.
Foes you strike become dangerously contaminated with magical radiation.
You have sharp claws.
You have razor-sharp teeth.
You have supernaturally acute eyesight. (SInv)
You are covered in thick fur. (AC +2)
Your paws help you pounce on unaware monsters.
You are incapable of wielding weapons or throwing items.
You cannot wear armour.
You gain extra lives every three experience levels.
[You have an uncontrollable temper.]
[You are very clumsy. (Dex -4)]
[You are very dopey. (Int -4)]
[Your magical capacity is extremely low. (-30% MP)]
[You frequently scream uncontrollably at your foes.]
[You do not regenerate when monsters are visible.]
[((You are often teleported next to monsters.))]
[You sometimes lose the ability to drink potions when taking damage.]
[You sometimes lose the ability to read scrolls when taking damage.]
[Your health recovers twice as slowly from being drained.]


Message History

The jelly quivers.
The white imp gestures at you. The puff of frost misses you.
You spin and attack the jelly.
You scratch the jelly.
The jelly begins to glow.
Your paws burn!
* * * LOW HITPOINT WARNING * * *
You bite the jelly.
The jelly is lightly wounded.
The jelly completely misses you.
Unknown command.
Unknown command.
Okay, then.
Okay, then.
You feel much better.
A tentacle flies out from the starspawn's body!
The jelly barely misses you. The jelly completely misses you.
A starspawn tentacle comes into view.
Unknown command.
You spin and attack the jelly.
You claw the jelly!
The jelly glows dangerously bright.
Your paws burn!
The jelly is severely wounded.
You block the starspawn tentacle's attack.
The jelly misses you.
Unknown command.
Unknown command.
You spin and attack the jelly.
You claw the jelly!
You kill the jelly!
The Council accepts your kill. The starspawn tentacle grabs you.
The starspawn tentacle constricts you.
Unknown command.
Unknown command.
You escape the starspawn tentacle's grasp.
Okay, then.
A tentacle flies out from the starspawn's body!
A starspawn tentacle comes into view.
An ufetubus comes into view.
The hell hog breathes fire at you.
The fireball explodes!
The fireball engulfs you!!!
Ouch! That really hurt!
You die...

#...8h8#..
#│.##..#.#... . ## #
....#..#....##......#
# . ....
...#.#.#....§##.# # .
#......
.#.###..#....#.. .
...... ...
##h#..#..## # ..#
##.####.#.#.#. . ..
#.......#
...#.#.....#
#..##p#.#....#
.5.......#.##.##
.#..#.##...# # ...##.
...# #.. . ..#.# ..
.#..# .# #.... ##
###..


You could see a hell hog (catching breath) and an ufetubus (wandering).

Vanquished Creatures
  A great orb of eyes (Abyss:1)
  A thrashing horror (Abyss:1)
  A wretched star (Abyss:1)
  A soul eater (Abyss:1)
  3 trolls
  2 hornets
  3 raiju (Abyss:1)
  Grinder (D:6)
  2 small abominations (Abyss:1)
  Sigmund (D:6)
  14 yaks
  A chaos spawn (Abyss:1)
  A steam dragon (D:9)
  2 orc warriors (D:9)
  A sky beast (D:7)
  4 ice beasts
  A black bear (D:6)
  2 wolves (D:9)
  An ogre (D:4)
  3 centaurs
  2 phantoms
  Blork the orc (D:6)
  2 kobold brigands
  A bullfrog (D:8)
  16 wights
  9 killer bees
  2 bombardier beetles
  2 howler monkeys
  A bullfrog zombie (D:5)
  A centaur zombie (D:5)
  4 orc priests
  5 hounds
  A jelly (Abyss:1)
  A gnoll bouda (D:7)
  2 bullfrog skeletons (D:5)
  2 scorpion zombies (D:5)
  4 iguanas
  5 orc wizards
  A killer bee zombie (D:5)
  A hound skeleton (D:5)
  7 gnolls
  7 adders
  3 white imps
  6 ufetubi
  2 ribbon worms
  3 dart slugs
  24 orcs
  2 ball pythons
  10 bats
  10 endoplasms
  3 giant cockroaches
  5 goblins
  7 hobgoblins
  3 jackals (D:4)
  4 quokkas
  2 frilled lizards (D:4)
  11 kobolds
  7 rats
225 creatures vanquished.

Vanquished Creatures (others)
  A hound (D:9)
  13 starspawn tentacles (Abyss:1)
14 creatures vanquished.

Grand Total: 239 creatures vanquished

Notes
Turn   | Place    | Note
-------+----------+-------------------------------------------
     0 | D:1      | monsoonserge the Felid Shapeshifter began the quest for the
                  | Orb.
     0 | D:1      | Reached XP level 1. HP: 10/10 MP: 2/2
   162 | D:1      | Reached XP level 2. HP: 14/14 MP: 3/3
   313 | D:1      | Reached XP level 3. HP: 18/18 MP: 4/4
   951 | D:2      | Reached skill level 1 in Stealth
  1059 | D:2      | Reached XP level 4. HP: 22/22 MP: 5/5
  1059 | D:2      | Gained a life (2 lives remaining)
  1812 | D:3      | Found a burning altar of Makhleb.
  1968 | D:3      | Found a white marble altar of Elyvilon.
  2140 | D:4      | Found an ancient bone altar of Kikubaaqudgha.
  2308 | D:4      | Found a snail-covered altar of Cheibriados.
  2347 | D:4      | Noticed a phantom
  2353 | D:5      | Entered Level 5 of the Dungeon
  2358 | D:5      | Noticed a phantom
  2385 | D:5      | Reached XP level 5. HP: 22/25 MP: 6/6
  2391 | D:5      | Noticed a yak
  2392 | D:5      | Noticed a yak
  2392 | D:5      | Noticed a yak
  2393 | D:5      | Noticed a yak
  2396 | D:5      | Noticed a yak
  2409 | D:5      | Reached skill level 5 in Shapeshifting
  2424 | D:5      | Killed a yak
  2425 | D:5      | Gained mutation: You are covered in thick fur. (AC +2)
                  | [Felid growth]
  2425 | D:5      | Reached XP level 6. HP: 24/30 MP: 7/7
  2425 | D:5      | Killed a yak
  2433 | D:5      | Killed a yak
  2434 | D:5      | Reached skill level 4 in Unarmed Combat
  2434 | D:5      | Reached XP level 7. HP: 16/33 MP: 8/8
  2450 | D:5      | Killed a yak
  2480 | D:5      | Killed a yak
  2481 | D:5      | Reached skill level 5 in Unarmed Combat
  2650 | D:5      | Reached XP level 8. HP: 37/37 MP: 9/9
  2914 | D:4      | Found a bloodstained altar of Trog.
  2971 | D:4      | Found a glowing golden altar of the Shining One.
  3144 | D:5      | Reached skill level 6 in Unarmed Combat
  3240 | D:5      | Identified the +7 war axe of Dovvu {pain, rCorr MP-9 Str+8}
  3777 | D:6      | Noticed Blork the orc
  3791 | D:6      | Killed Blork the orc
  3889 | D:6      | Found a broken altar of Ashenzari.
  3909 | D:6      | Found a stormy altar of Qazlal.
  3911 | D:6      | Noticed an air elemental
  3953 | D:6      | Reached skill level 7 in Unarmed Combat
  4037 | D:6      | Noticed Sigmund
  4044 | D:6      | Killed Sigmund
  4045 | D:6      | Reached skill level 5 in Dodging
  4124 | D:6      | Reached XP level 9. HP: 37/41 MP: 10/10
  4200 | D:6      | Noticed Grinder
  4206 | D:6      | Killed Grinder
  4338 | D:6      | Reached skill level 8 in Unarmed Combat
  4748 | D:7      | HP: 2/41 [killer bee (7)]
  4764 | D:7      | HP: 1/41 [orc wizard/puff of flame (5)]
  4766 | D:7      | Slain by a killer bee
  4766 | D:7      | Lost a life (1 life remaining)
  5072 | D:7      | Found an opulent altar of Gozag.
  5203 | D:7      | Reached skill level 9 in Unarmed Combat
  5251 | D:7      | Found a staircase to the Ecumenical Temple.
  5260 | Temple   | Entered the Ecumenical Temple
  5290 | Temple   | Became a worshipper of the Wu Jian Council
  6258 | D:8      | Found a sacrificial altar of Ru.
  6341 | D:7      | Reached skill level 1 in Evocations
  6404 | D:7      | Reached XP level 10. HP: 46/46 MP: 11/11
  6404 | D:7      | Gained a life (2 lives remaining)
  6998 | D:8      | Identified the +5 spear of Delel {flame, *Slow rElec Str+2
                  | Int+2}
  7167 | D:9      | Found Lulifrus's Armour Boutique.
  7177 | D:9      | Noticed Cheops's ghost (novice OpSh)
  7184 | D:9      | Found a runed translucent door.
  7231 | D:9      | Reached skill level 10 in Unarmed Combat
  7333 | D:9      | Reached * piety under Wu Jian
  7341 | D:9      | Found a staircase to the Orcish Mines.
  7415 | D:9      | Found a staircase to the Lair.
  7434 | D:9      | Killed from afar by an electric eel
  7434 | D:9      | Lost a life (1 life remaining)
  7904 | D:9      | Reached skill level 11 in Unarmed Combat
  8108 | D:10     | Entered Level 10 of the Dungeon
  8130 | D:9      | Reached skill level 10 in Shapeshifting
  8402 | D:10     | Noticed Sonja
  8516 | D:10     | Found a blossoming altar of Fedhas.
  8664 | D:10     | Found a runed translucent door.
  8664 | D:10     | Noticed Curundu's ghost (journeyman MiBe)
  8832 | D:10     | Reached ** piety under Wu Jian
  8902 | Abyss:1  | Cast into level 1 of the Abyss (Sonja)
  8980 | Abyss:1  | Noticed a thrashing horror
  8997 | Abyss:1  | Killed a thrashing horror
  8998 | Abyss:1  | Reached XP level 11. HP: 30/50 MP: 12/12
  8998 | Abyss:1  | Gained a life (2 lives remaining)
  9010 | Abyss:1  | Found a shadowy altar of Dithmenos.
  9077 | Abyss:1  | Found a shadowy altar of Dithmenos.
  9077 | Abyss:1  | Noticed a great orb of eyes
  9077 | Abyss:1  | Found a shadowy altar of Dithmenos.
  9084 | Abyss:1  | Noticed a tentacled starspawn
  9094 | Abyss:1  | Killed a great orb of eyes
  9095 | Abyss:1  | Reached skill level 5 in Stealth
  9095 | Abyss:1  | Reached skill level 12 in Unarmed Combat
  9110 | Abyss:1  | Demolished by a tentacled starspawn
  9110 | Abyss:1  | Lost a life (1 life remaining)
  9121 | Abyss:1  | Noticed a tentacled starspawn
  9127 | Abyss:1  | Noticed a lich
  9160 | Abyss:1  | Noticed a hell hog
  9204 | Abyss:1  | Found a corrupted altar of Lugonu.
  9228 | Abyss:1  | Noticed a soul eater
  9247 | Abyss:1  | Noticed a tentacled starspawn
  9251 | Abyss:1  | Noticed a wretched star
  9262 | Abyss:1  | Killed a soul eater
  9269 | Abyss:1  | Slain by a tentacled starspawn
  9269 | Abyss:1  | Lost a life (0 lives remaining)
  9278 | Abyss:1  | Found a runed translucent door.
  9303 | Abyss:1  | Noticed a wretched star
  9339 | Abyss:1  | Killed a wretched star
  9461 | Abyss:1  | Noticed a ghost moth
  9467 | Abyss:1  | Noticed a tentacled starspawn
  9502 | Abyss:1  | Killed from afar by a hell hog

Illustrated notes

Levels and vault maps discovered:
D:1:      ncdulo_wetmaze, layout_basic
D:2:      layout_loops_ring
D:3:      layout_rooms, lemuel_coloured_pillars_altar, lemuel_doored_altar,
          serial_aquarium, aquarium_bridge_straight [aquarium_subvault_bridge,
          aquarium_subvault_window, aquarium_subvault_bridge,
          aquarium_subvault_balcony], aquarium_window_corridor_2,
          aquarium_window_corner, aquarium_window_double, aquarium_view_2b,
          aquarium_view_2c, aquarium_balcony_5b, aquarium_pool_2,
          nrook_mini_vaults, minmay_checkerbox
D:4:      layout_basic, nicolae_overflow_hidden_temple, trog_butcher_becter,
          cheibriados_altar_1, mainiacjoe_overflow_24_doors, fountainhead
D:5:      layout_loops_cross, serial_undead, serial_undead_c, serial_undead_f,
          serial_undead_e, serial_undead_a
D:6:      layout_rooms, nicolae_qazlal_style_of_elements,
          mainiacjoe_overflow_catwalk, uniq_blork_the_orc, uniq_grinder,
          uniq_sigmund
D:7:      layout_basic, kennysheep_mini_moat, minmay_temple_entry_antechambers
D:8:      layout_basic, nicolae_overflow_crystal_walls
D:9:      layout_stronghold, erik_lair_island, david_orc_2,
          hellmonk_ghost_big_iron, serial_ice, serial_ice_d, serial_ice_c,
          serial_ice_j, serial_ice_o, serial_shops,
          nicolae_shop_tiny_statue_garden
D:10:     layout_roguey, overflow_temple_1_default, gammafunk_ghost_grave,
          uniq_sonja
Temple:   minmay_temple_curvy_loop
Abyss:1:  base:
D:9

Skill      XL: |  1  2  3  4  5  6  7  8  9 10 11 |
---------------+----------------------------------+-----
Shapeshifting  | 3 4 5 6 7 9 10 | 10.2
Dodging        | 3 4 5 7 |  7.0
Stealth        | 1 2 3 4 8 |  8.2
Unarmed Combat | 4 5 7 9 11 12 | 12.0
Evocations     | 1 |  1.0
Fighting       | 2 |  2.0

Action                     |  1- 3 |  4- 6 |  7- 9 | 10-12 || total
---------------------------+-------+-------+-------+-------++-------
  Melee: Unarmed           |    92 |    73 |   383 |   346 ||   894
         Bite              |     8 |     2 |    48 |    39 ||    97
         Punch             |     2 |     3 |     1 |       ||     6
Ability: Lunge             |       |       |     1 |    28 ||    29
         Whirlwind         |       |       |       |    59 ||    59
  Evoke: Phial of floods   |       |       |     1 |       ||     1
         Wand              |       |       |       |     8 ||     8
    Use: Potion            |       |     1 |     3 |     9 ||    13
         Scroll            |       |       |    12 |     3 ||    15
   Stab: Sleeping          |     2 |     2 |       |       ||     4
         Distracted        |       |       |     1 |       ||     1
         Confused          |       |       |       |     1 ||     1
 Armour: Skin              |    16 |    26 |    86 |    61 ||   189
  Dodge: Dodged            |    81 |    50 |   282 |   312 ||   725
  Block: Other             |       |       |    59 |    59 ||   118
         Reflection        |       |       |     3 |     6 ||     9
   Form: Flux              |       |       |     1 |     2 ||     3
         Serpent           |       |       |       |     2 ||     2
